 Dungeon Crawl Stone Soup version 0.30.0-29-ga12c61a403 (webtiles) character file.

Game seed: 6406607926346160131

7031 safid the Frost Mage (level 11, -3/90 HPs)
             Began as a Merfolk Ice Elementalist on June 13, 2023.
             Was a Priest of Vehumet.
             Slain by a vampire
             ... wielding a +2 vampiric bardiche
              (17 damage)
             ... in a bailey.
             The game lasted 00:29:16 (11813 turns).

safid the Frost Mage (Merfolk Ice Elementalist)    Turns: 11813, Time: 00:29:17

Health: -3/90      AC:  4    Str:  8    XL:     11   Next: 8%
Magic:  29/32      EV: 13    Int: 26    God:    Vehumet [***...]
Gold:   1398       SH: 11    Dex: 14    Spells: 19/26 levels left

rFire   . . .        n - +0 dagger (venom)
rCold   . . .        h - +1 buckler
rNeg    . . .        a - +0 robe
rPois   .            (no helmet)
rElec   .            (no cloak)
rCorr   .            r - +0 pair of gloves
SInv    .            u - +0 pair of boots
Will    .....        v - amulet of reflection
Stlth   ++           j - ring of magical power
HPRegen 0.35/turn    l - +6 ring of intelligence
MPRegen 0.23/turn

%: reflection
@: on berserk cooldown, freezing walls, slowed, very slow
A: (nimble swimmer 2), mertail
a: Renounce Religion


You were in a bailey.
You worshipped Vehumet.
Vehumet was most pleased with you.
You visited 2 branches of the dungeon, and saw 11 of its levels.
You also visited: Ossuary and Bailey.

You collected 1398 gold pieces.

Inventory:

Hand Weapons
 n - a +0 dagger of venom (weapon)
Armour
 a - a +0 robe (worn)
 h - a +1 buckler (worn)
 r - a +0 pair of gloves (worn)
 u - a +0 pair of boots (worn)
Jewellery
 j - a ring of magical power (left hand)
 l - a +6 ring of intelligence (right hand)
 v - an amulet of reflection (around neck)
Wands
 e - a wand of acid (5)
 B - a wand of flame (19)
Scrolls
 f - 2 scrolls of teleportation
 g - a scroll of silence
 i - a scroll of fog
 k - 2 scrolls of amnesia
 o - a scroll of blinking
Potions
 b - 3 potions of magic
 c - 7 potions of mutation
 d - 5 potions of lignification
 m - a potion of resistance
 q - 4 potions of curing
 s - 3 potions of invisibility
 w - 2 potions of cancellation
 x - a potion of berserk rage
 z - a potion of might {unknown}


   Skills:
 + Level 10.0 Fighting
 - Level 4.0 Dodging
 - Level 2.1 Stealth
 - Level 6.0 Shields
 - Level 8.0 Spellcasting
 + Level 10.9 Ice Magic


You had 19 spell levels left.
You knew the following spells:

 Your Spells              Type           Power      Damage    Failure   Level
a - Freeze                Ice            100%       1d10      1%          1
b - Frozen Ramparts       Ice            100%       1d16      1%          3
c - Ozocubu's Armour      Ice            61%        N/A       1%          3

Your spell library contained the following spells:

 Spells                   Type           Power      Damage    Failure   Level
 Fulminant Prism          Conj/Hex       5%         3d6       21%         4
 Kiss of Death            Conj/Necr      40%        2d8       2%          1
 Summon Ice Beast         Ice/Summ       38%        N/A       9%          4
 Confusing Touch          Hex            10%        N/A       24%         3
 Gell's Gravitas          Tloc           10%        N/A       24%         3
 Teleport Other           Tloc           10%        N/A       24%         3
 Dispel Undead            Necr           10%        3d9       63%         4
 Dispersal                Tloc           5%         N/A       100%        6


Dungeon Overview and Level Annotations

Branches:
Dungeon (10/15)            Temple (1/1) D:4            Lair (0/5) D:8
Ossuary (visited)          Bailey (1/1)
    Orc: D:9-12

Altars:
Ashenzari
Cheibriados
Dithmenos
Elyvilon
Fedhas
Gozag
Hepliaklqana
Kikubaaqudgha
Makhleb
Nemelex Xobeh
Okawaru
Qazlal
Ru
Sif Muna
Trog
Uskayaw
Vehumet
Wu Jian
Xom
Yredelemnul
Zin

Annotations:
D:8 3 runed translucent doors
D:9 2 transporters, seaoflcl's ghost, journeyman HuFi
D:10 Amaemon; Maurice


Innate Abilities, Weirdness & Mutations

((You are very nimble when in or above water. (Stealth+, EV+, Speed+++)))
Your lower body shifts to a powerful aquatic tail in water.


Message History

The floor.
Unknown command.
The vampire hits you from afar with a +2 vampiric bardiche!
* * * LOW HITPOINT WARNING * * *
Your icy armour evaporates.
The vampire hits you but does no damage.
You feel better. You block the vampire's attack.
As you read the scroll labelled KUOTE ZACERHE, it crumbles to dust.
You assume a fearsome visage.
The vampire is unaffected.
It was a scroll of fear.
You block the vampire's attack.
It was a potion of berserk rage.
A red film seems to cover your vision as you go berserk!
You feel yourself moving faster!
You feel mighty! You block the vampire's attack.
Unknown command.
Unknown command.
You are too berserk!
Unknown command.
Unknown command.
You feel a strong urge to attack something.
The vampire barely misses you.
You feel less wooden.
Your +0 pair of gloves unmelds from your body.
Your +0 pair of boots unmelds from your body.
Your +0 robe unmelds from your body.
Unknown command.
You feel your anger nearly subside.
You are no longer berserk.
You are exhausted.
You feel yourself slow down. The vampire closely misses you.
The vampire barely misses you.
There is a large open door here.
Casting: Ozocubu's Armour (safe; 1% risk of failure)
Confirm with . or Enter, or press ? or * to list all spells.
Casting: Frozen Ramparts (safe; 1% risk of failure)
Press: ? - help, Dir - look around, f - activate A large open door.
The walls around you are covered in ice.
The vampire resists.
The wall freezes the vampire.
The vampire hits you with a +2 vampiric bardiche!
You die...

♣....♣...#.)#'##
.........#).#...
.....#.))####... ...
####)...'... .
##..##...'...
#########....#...#...
#8.......))......#...
#........)#......#+##
###'@##...##....8#
##.V..##...#######
#......##.......8#
#...##...#8......8#
#..# ##..##########
#.. #..# #8. ..8# ##
![## .##


You could see a vampire.

Vanquished Creatures
  A two-headed ogre (D:10)
  An orange demon (D:10)
  A komodo dragon (D:10)
  2 kobold demonologists (D:10)
  A troll (D:9)
  A hornet (D:9)
  Eustachio (D:6)
  3 yaks (D:10)
  A steam dragon (D:9)
  2 wargs (D:8)
  An acid dragon (D:10)
  2 water moccasins
  4 orc warriors
  A black bear (D:7)
  2 ice beasts
  2 sky beasts
  5 centaurs
  2 phantoms
  3 kobold brigands
  A bullfrog (D:9)
  A gnoll sergeant (D:7)
  A scorpion (D:4)
  5 wights (D:6)
  5 killer bees (D:9)
  7 vampire bats (Bailey)
  2 howler monkeys (D:9)
  4 wolf zombies (Bailey)
  A centaur zombie (Ossuary)
  3 jellies
  4 orc priests
  2 human zombies (Ossuary)
  2 sleepcaps (D:8)
  3 iguanas
  9 orc wizards
  6 mummies
  3 gnolls (D:7)
  4 adders
  3 white imps
  An ufetubus (D:5)
  2 worms (D:2)
  6 dart slugs
  38 orcs
  5 bats
  3 endoplasms (D:4)
  3 giant cockroaches
  7 goblins
  8 hobgoblins
  4 jackals (D:2)
  6 quokkas
  6 ball pythons
  7 frilled lizards
  2 goblin zombies (Ossuary)
  2 hobgoblin zombies (Ossuary)
  14 kobolds
  2 kobold zombies (D:4)
  17 orc zombies
  8 rats
243 creatures vanquished.

Notes
Turn   | Place    | Note
-------+----------+-------------------------------------------
     0 | D:1      | safid the Merfolk Ice Elementalist began the quest for the
                  | Orb.
     0 | D:1      | Reached XP level 1. HP: 13/13 MP: 3/3
   168 | D:1      | Reached XP level 2. HP: 20/20 MP: 3/5
   175 | D:1      | Reached skill level 1 in Fighting
   322 | D:1      | Found a faded altar of an unknown god.
   590 | D:1      | Reached XP level 3. HP: 22/26 MP: 2/6
   606 | D:1      | Learned a level 3 spell: Frozen Ramparts
  1141 | D:2      | Learned a level 3 spell: Ozocubu's Armour
  1328 | D:2      | Found a stormy altar of Qazlal.
  1483 | D:2      | Reached XP level 4. HP: 32/33 MP: 8/8
  1493 | D:2      | Reached skill level 5 in Ice Magic
  2741 | D:3      | Found a faded altar of an unknown god.
  2747 | D:3      | Found an iron altar of Okawaru.
  2860 | D:4      | Noticed a scorpion
  2864 | D:4      | Killed a scorpion
  2865 | D:4      | Reached skill level 1 in Shields
  2865 | D:4      | Reached XP level 5. HP: 39/39 MP: 9/9
  3078 | D:4      | Found a staircase to the Ecumenical Temple.
  3143 | D:4      | Found a sand-covered staircase.
  3153 | Ossuary  | Entered an ossuary
  3235 | Ossuary  | Reached XP level 6. HP: 30/46 MP: 10/10
  3858 | Temple   | Entered the Ecumenical Temple
  3994 | Temple   | Became a worshipper of Vehumet
  4213 | D:4      | Found a stormy altar of Qazlal.
  4377 | D:5      | Entered Level 5 of the Dungeon
  4525 | D:5      | You fall into a shaft and drop 3 floors!
  4598 | D:7      | Noticed a sky beast
  4617 | D:7      | Killed a sky beast
  4618 | D:7      | Reached XP level 7. HP: 29/53 MP: 12/12
  5671 | D:5      | Identified a scroll of acquirement
  5672 | D:5      | Acquired 865 gold pieces
  6090 | D:6      | Reached XP level 8. HP: 46/61 MP: 14/14
  6215 | D:6      | HP: 3/87 [wight/+0 falchion (7)]
  6222 | D:6      | Reached skill level 5 in Fighting
  6685 | D:6      | Noticed Eustachio
  6705 | D:6      | Killed Eustachio
  6706 | D:6      | Reached skill level 5 in Spellcasting
  7360 | D:7      | Reached XP level 9. HP: 32/69 MP: 15/17
  7500 | D:7      | Found a shimmering altar of Xom.
  7654 | D:8      | Reached * piety under Vehumet
  7654 | D:8      | Offered knowledge of Foxfire by Vehumet.
  7674 | D:8      | Reached skill level 5 in Shields
  7803 | D:8      | Found a staircase to the Lair.
  8230 | D:8      | Found an ornate altar of the Wu Jian Council.
  8554 | D:8      | Found a basalt altar of Yredelemnul.
  8810 | D:8      | Found a runed translucent gate.
  8810 | D:8      | Found a runed translucent gate.
  8810 | D:8      | Found a runed translucent gate.
  8810 | D:8      | Noticed a glowing orange brain
  8811 | D:8      | Noticed a green ugly thing
  8811 | D:8      | Noticed a white ugly thing
  8811 | D:8      | Noticed a green ugly thing
  8811 | D:8      | Noticed a red ugly thing
  8990 | D:8      | Found a sacrificial altar of Ru.
  8990 | D:8      | Found a burning altar of Makhleb.
  9318 | D:9      | Noticed a hornet
  9334 | D:9      | Killed a hornet
  9442 | D:9      | Reached XP level 10. HP: 61/79 MP: 20/20
  9547 | D:9      | Offered knowledge of Scorch by Vehumet.
  9547 | D:9      | Reached ** piety under Vehumet
  9751 | D:9      | Noticed a deep elf pyromancer
  9751 | D:9      | Noticed a six-headed hydra
  9751 | D:9      | Noticed a kobold demonologist
  9752 | D:9      | Noticed seaoflcl's ghost (journeyman HuFi)
  9832 | D:9      | Found a transporter.
  9833 | D:9      | Found a transporter.
 10117 | D:10     | Entered Level 10 of the Dungeon
 10168 | D:10     | Noticed a two-headed ogre
 10247 | D:10     | Killed a two-headed ogre
 10248 | D:10     | Reached skill level 10 in Ice Magic
 10263 | D:10     | Noticed a kobold demonologist
 10264 | D:10     | Noticed a kobold demonologist
 10271 | D:10     | Killed a kobold demonologist
 10282 | D:10     | Noticed a sun demon
 10303 | D:10     | Killed a kobold demonologist
 10312 | D:10     | Found a broken altar of Ashenzari.
 10336 | D:10     | Noticed an orange demon
 10358 | D:10     | Killed an orange demon
 10370 | D:10     | Noticed Maurice
 10374 | D:10     | Noticed Amaemon
 10455 | D:10     | Found a flagged portal.
 10462 | D:10     | HP: 2/83 [komodo dragon (14)]
 10465 | D:10     | Offered knowledge of Mephitic Cloud by Vehumet.
 10466 | D:10     | Reached XP level 11. HP: 3/90 MP: 23/23
 10473 | Bailey   | Entered a bailey
 11543 | Bailey   | Reached *** piety under Vehumet
 11547 | Bailey   | Reached skill level 10 in Fighting
 11694 | Bailey   | Offered knowledge of Fulminant Prism by Vehumet.
 11813 | Bailey   | Slain by a vampire

Illustrated notes

Levels and vault maps discovered:
D:1:      eino_arrival_tree_alley, layout_basic,
          dreamdust_ecumenical_altar_grove, hangedman_abyss_or_decor_stabs,
          st_stairs_14, minmay_split_cup_large
D:2:      layout_loops_ring, basic_altar, kennysheep_donut,
          kennysheep_decorative_pillar
D:3:      layout_basic, nicolae_overflow_ecumenical_swirl
D:4:      layout_basic, lemuel_coloured_pillars_altar, minmay_temple_entry_tees,
          nicolae_ossuary_entry_giza, nrook_mini_backslash,
          roderic_roman_lattice
D:5:      layout_cave_pods, serial_column_ruins, column_ruins_hut,
          column_ruins_square_medium, column_ruins_grid_1,
          column_ruins_columns_dead_end, column_ruins_grid_1,
          column_ruins_grid_3, column_ruins_corridor_corner,
          column_ruins_open_medium, column_ruins_columns_straight,
          amcnicky_mini_rare_corridor_liquid, minmay_misc_feat_doors,
          grunt_decor_resistance
D:6:      layout_loops_corners, uniq_eustachio
D:7:      layout_basic, mainiacjoe_overflow_alcove_4
D:8:      layout_basic, mainiacjoe_overflow_concentric_impassable,
          yredelemnul_altar_generic, gammafunk_temple_overflow_wave,
          erik_lair_orcish_takeover,
          ploomutoo_gammafunk_ghost_potion_laboratory, minmay_fountain_box
D:9:      layout_roguey, gammafunk_ghost_arena
D:10:     layout_basic, nicolae_tso_swordbearing_angel, lemuel_round_altar,
          enter_bailey_6, kennysheep_nondescript, uniq_gastronok, uniq_amaemon,
          uniq_maurice
Temple:   nicolae_temple_bog_church
Bailey:   bailey_polearm_vampire_castle_hellmonk, bailey

Skill      XL: |  1  2  3  4  5  6  7  8  9 10 11 |
---------------+----------------------------------+-----
Fighting       | 1 2 3 4 5 7 9 10 | 10.0
Ice Magic      | 5 6 7 8 10 | 10.9
Dodging        | 3 4 |  4.0
Shields        | 1 2 3 4 6 |  6.0
Spellcasting   | 3 4 5 6 8 |  8.0
Stealth        | |  2.1

Action                     |  1- 3 |  4- 6 |  7- 9 | 10-12 || total
---------------------------+-------+-------+-------+-------++-------
  Melee: Unarmed           |     4 |       |       |       ||     4
         Dagger            |    54 |   168 |   171 |   224 ||   617
         Tailslap          |       |       |       |    31 ||    31
   Cast: Freeze            |    43 |    28 |    27 |    15 ||   113
         Frozen Ramparts   |     1 |    12 |    30 |    29 ||    72
         Ozocubu's Armour  |       |     8 |    26 |    23 ||    57
  Evoke: Wand              |       |       |       |     2 ||     2
    Use: Scroll            |       |       |     7 |     9 ||    16
         Potion            |       |       |     4 |     5 ||     9
   Stab: Sleeping          |     3 |     3 |     1 |       ||     7
 Armour: Robe              |    17 |    38 |    55 |    36 ||   146
         Skin              |       |       |    16 |    16 ||    32
  Dodge: Dodged            |    89 |    68 |   113 |   176 ||   446
  Block: Buckler           |       |    24 |    52 |   166 ||   242
         Reflection        |       |       |       |     2 ||     2
